 Dungeon Crawl Stone Soup version 0.16-a0-4127-g24fbb24 (webtiles) character file.

101 McCoppin the Covert (level 4, 0/39 HPs)
             Began as a Naga Assassin on Mar 3, 2015.
             Slain by an orc
             ... wielding a +0 flail
              (7 damage)
             ... on level 3 of the Dungeon.
             The game lasted 00:12:33 (4140 turns).

McCoppin the Covert (Naga Assassin)                 Turns: 4140, Time: 00:12:34

Health: 0/39       AC:  8    Str: 13    XL:     4   Next: 75%
Magic:  4/4        EV:  9    Int: 12    God:
Gold:   177        SH:  0    Dex: 13    Spells: 0 memorised, 3 levels left

rFire  . . .     SeeInvis +     o - +0 falchion
rCold  . . .     Clarity  .     c - +0 robe
rNeg   + . .     SustAb   .     (no shield)
rPois  +         Gourm    .     (no helmet)
rElec  .         Spirit   .     d - +1 cloak
rCorr  .         Warding  +     (no gloves)
rMut   .         Stasis   .     (no barding)
MR     +....                    h - amulet of warding
Stlth  ++++......               (no ring)
                                i - +4 ring of protection

@: very slightly contaminated, hasted, quick, somewhat resistant to hostile
enchantments, stealthy
A: spit poison, see invisible, deformed body, magic resistance 1, poison
resistance, slowness 2, AC +1
a: Spit Poison


You were on level 3 of the Dungeon.
You were hungry.

You visited 1 branch of the dungeon, and saw 3 of its levels.

You collected 177 gold pieces.

Inventory:

Hand weapons
 a - a +2 dagger
 b - a +0 blowgun
 l - a +1 dagger of holy wrath
 o - a +0 falchion (weapon)
Missiles
 e - 6 poisoned needles
 f - 2 curare-tipped needles
Armour
 c - a +0 robe (worn)
 d - a +1 cloak (worn)
Jewellery
 h - an amulet of warding (around neck)
 i - a +4 ring of protection (left hand)
Scrolls
 m - 2 scrolls of recharging {unknown}
 q - a scroll of identify {unknown}
Potions
 k - a potion of cure mutation {unknown}
 p - a potion of haste
Comestibles
 g - 2 bread rations
 j - 4 fruits
 n - a beef jerky


   Skills:
 - Level 2.0 Fighting
 - Level 2.5 Short Blades
 - Level 1.7 Throwing
 - Level 0.7 Dodging
 + Level 8.7 Stealth


You had 3 spell levels left.
You didn't know any spells.

Dungeon Overview and Level Annotations

Branches:
Dungeon (3/15)

Altars:

Annotations:
D:3 McCoppin's ghost, average HuWn


Innate Abilities, Weirdness & Mutations

You cannot wear boots.
You can spit poison.
Your serpentine skin is tough (AC +1).
You have supernaturally acute eyesight.
Armour fits poorly on your strangely shaped body.
Your system is resistant to poisons.
You cover ground very slowly.
You are resistant to hostile enchantments.


Message History

The giant gecko bites you.
* * * LOW HITPOINT WARNING * * *
You barely miss the orc.
The orc is severely wounded.
The orc hits you but does no damage.
The giant gecko bites you but does no damage.
You barely miss the orc.
The orc is severely wounded.
The giant gecko bites you but does no damage.
The orc barely misses you.
You hit the orc but do no damage.
The orc is severely wounded.
The giant gecko completely misses you. The orc hits you but does no damage.
You hit the orc but do no damage.
The orc is severely wounded.
The giant gecko bites you but does no damage.
You closely miss the orc.
The orc is severely wounded.
The giant gecko closely misses you. The orc hits you with a flail!
You die...

######
##..@o######
#....l.....#
##..b.####.#
###.## #.#
#.# #.# #.#
#.#


You could see an orc, a giant gecko and a bat.

Vanquished Creatures
  2 adders (D:2)
  2 worms (D:2)
  2 giant geckos
  2 ball pythons (D:2)
  6 giant cockroaches
  6 hobgoblins
  8 jackals
  6 bats
  4 giant newts
  10 goblins
  9 kobolds
  11 rats
68 creatures vanquished.

Notes
Turn   | Place    | Note
--------------------------------------------------------------
     0 | D:1      | McCoppin, the Naga Assassin, began the quest for the Orb.
     0 | D:1      | Reached XP level 1. HP: 19/19 MP: 1/1
    31 | D:1      | Reached skill level 6 in Stealth
   480 | D:1      | Gained mutation: You are resistant to hostile enchantments. [potion of beneficial mutation]
   485 | D:1      | Reached XP level 2. HP: 12/26 MP: 2/2
  1174 | D:1      | Reached XP level 3. HP: 32/32 MP: 3/3
  1210 | D:1      | Reached skill level 7 in Stealth
  2260 | D:2      | Reached XP level 4. HP: 10/39 MP: 4/4
  2511 | D:2      | Reached skill level 8 in Stealth
  3226 | D:3      | Noticed McCoppin's ghost (average HuWn)
  4140 | D:3      | Slain by an orc

Action                   |  1- 3 |  4- 6 || total
-------------------------+-------+-------++-------
Melee: Dagger            |   122 |    30 ||   152
       Falchion          |    22 |    62 ||    84
 Fire: Blowgun           |    33 |    11 ||    44
 Abil: Spit Poison       |       |     2 ||     2
  Use: Potion            |     2 |     1 ||     3
       Scroll            |     1 |       ||     1
 Stab: Sleeping          |    14 |     4 ||    18
       Distracted        |     2 |       ||     2
  Eat: Fruit             |     4 |       ||     4
       Chunk             |     1 |       ||     1
       Meat ration       |       |     1 ||     1
